 Dungeon Sprint DCSS version 0.17-a0-2024-gc284f19 (webtiles) character file.

1171 Ordine the Imperceptible (level 8, -8/36 HPs)
             Began as a Spriggan Enchanter on Oct 10, 2015.
             Was an Initiate of Dithmenos.
             Killed by an exploding giant spore (31 damage)
             ... in the Dungeon (Sprint I: "Red Sonja").
             The game lasted 00:03:02 (353 turns).

Ordine the Imperceptible (Spriggan Enchanter)        Turns: 353, Time: 00:03:02

Health: -8/36      AC: 10    Str:  4    XL:     8   Next: 18%
Magic:  13/13      EV: 23    Int: 18    God:    Dithmenos [......]
Gold:   200        SH:  0    Dex: 17    Spells: 4 memorised, 3 levels left

rFire  . . .     SeeInvis +     i - +0 blowgun (evade)
rCold  . . .     Clarity  .     b - +2 robe
rNeg   . . .     SustAt   .     (shield restricted)
rPois  .         Gourm    .     (helmet restricted)
rElec  .         Spirit   .     (no cloak)
rCorr  .         Warding  .     (gloves unavailable)
rMut   .         NoTele   +     (boots unavailable)
MR     +....                    (no amulet)
Stlth  ++++......               (no ring)
                                c - +6 ring of protection

@: confused, very quick, somewhat resistant to hostile enchantments, stealthy
A: unfitting armour, see invisible, herbivore 3, speed 3, slow metabolism 2
a: Renounce Religion


You were in the Dungeon.
You worshipped Dithmenos.
Dithmenos was noncommittal.
You were not hungry.

You visited 1 branch You collected 524 gold pieces.
You spent 324 gold pieces at shops.

Inventory:

Hand Weapons
 a - a +1 dagger
 i - a +0 blowgun of evasion (weapon)
Missiles
 l - 6 curare-tipped needles (quivered)
Armour
 b - a +2 robe (worn)
Jewellery
 c - a +6 ring of protection (left hand)
Scrolls
 j - a scroll of blinking
 k - a scroll of fog
Potions
 e - a potion of curing
 f - a potion of heal wounds
 g - a potion of haste
 h - 2 potions of magic
Comestibles
 d - a bread ration


   Skills:
 - Level 1.1 Short Blades
 - Level 3.0 Dodging
 + Level 24.1 Stealth
 - Level 2.6 Spellcasting
 - Level 3.6 Hexes


You had 3 spell levels left.
You knew the following spells:

 Your Spells              Type           Power        Failure   Level  Hunger
a - Corona                Hex            ###....      4%          1    #......
b - Ensorcelled Hibernat  Hex/Ice        #.....       14%         2    ##.....
c - Confuse               Hex            ###.....     14%         3    ###....
d - Dazzling Spray        Conj/Hex       #.......     30%         3    ###....


Dungeon Overview and Level Annotations

Branches:
Dungeon (1/1)

Altars:
Cheibriados
Dithmenos
Elyvilon
Fedhas
Gozag
Kikubaaqudgha
Makhleb
Nemelex Xobeh
Okawaru
Qazlal
Ru
Sif Muna
Trog
Vehumet
Xom
Yredelemnul
Zin
The Shining One
Jiyva

Shops:
D *:


Innate Abilities, Weirdness & Mutations

You are tiny and cannot use many weapons and most armour.
You have supernaturally acute eyesight.
You are a herbivore.
You cover ground extremely quickly.
You need consume almost no food.


Message History

There is an open door here.
Unknown command.
There is an open door here.
Things that are here:
a dagger of distortion; a runed blowgun; 6 curare-tipped needles
i - a runed blowgun;
l - 6 curare-tipped needles Wield which item (- for none, * to show all)? (? for menu, Esc to quit)
You feel nimbler!
i - a +0 blowgun of evasion (weapon)
You open the door.
The giant spore waves its rhizomes. x2
The giant spore explodes!
The explosion of spores engulfs you!
You are confused.
The explosion of spores engulfs the giant spore.
The giant spore explodes!
The explosion of spores engulfs you!
You are more confused.
Ouch! That really hurt!
You die...

#..#__####..##)#≈≈≈,,*,,**+**
#..#_..__##'#..+≈≈≈,,+,,*,,,,
#⌠⌠#_.∩..†'..._#≈≈≈,,*,,*,,,,
####_..._##_.#'#*+*****+***,,
*,,#_____###'#.#,,,,***,+,*,,
############.###*+***,***,*,,
#§§§§.....'...+,,,,,+,∩**,*,,
###++++####.).#**********,**+
*,,,,,,,**##@##*,,,,,,,**,**,
*,,,,,,,,*,#'#,*,,,,,,,,+,***
*,,*,,,,,*,!$!,*+++******,*,,
*,,,,,,,,*$$[?$*,,,,,,,,*,***
*,,,,,*,,#######,,,,,,,*+,*,,
*,,,,,,,,**,,,,,,,,,,,≈****,,
*,,*,,,,,**,,,,,,,,,,≈≈**,,,,
*,,,,,,,,***,,,,,,,≈≈≈***,,,,
***++++*** ***,,≈≈≈≈*** *,,,,


There were no monsters in sight!

Vanquished Creatures
  Sonja (D)
  A slime creature (D)
  Sigmund (D)
  A yak (D)
  An ogre (D)
  A jelly (D)
  Ijyb (D)
7 creatures vanquished.

Vanquished Creatures (others)
  A gargoyle (D)
1 creature vanquished.

Grand Total: 8 creatures vanquished

Notes
Turn   | Place    | Note
--------------------------------------------------------------
     0 | D        | Ordine the Spriggan Enchanter began the quest for the Orb.
     0 | D        | Reached XP level 1. HP: 9/9 MP: 5/5
     2 | D        | Noticed Ijyb
    19 | D        | Killed Ijyb
    19 | D        | Reached skill level 10 in Stealth
    19 | D        | Reached XP level 2. HP: 13/13 MP: 6/6
    26 | D        | Learned a level 2 spell: Ensorcelled Hibernation
    64 | D        | Noticed an ogre
    67 | D        | Killed an ogre
    67 | D        | Reached skill level 14 in Stealth
    67 | D        | Reached XP level 3. HP: 16/16 MP: 8/8
    67 | D        | Reached XP level 4. HP: 21/21 MP: 9/9
    72 | D        | Learned a level 3 spell: Confuse
    83 | D        | Noticed Sigmund
    86 | D        | Killed Sigmund
    86 | D        | Reached skill level 18 in Stealth
    86 | D        | Reached XP level 5. HP: 24/24 MP: 10/10
    86 | D        | Reached XP level 6. HP: 28/28 MP: 11/11
    91 | D        | Learned a level 3 spell: Dazzling Spray
   105 | D        | Found a deep blue altar of Sif Muna.
   106 | D        | Noticed a jelly
   107 | D        | Found a radiant altar of Vehumet.
   111 | D        | Killed a jelly
   114 | D        | Found Ygheum's Book Emporium.
   114 | D        | Found a white marble altar of Elyvilon.
   114 | D        | Found a stormy altar of Qazlal.
   114 | D        | Found a burning altar of Makhleb.
   114 | D        | Found a sacrificial altar of Ru.
   114 | D        | Found a basalt altar of Yredelemnul.
   114 | D        | Found a glowing golden altar of the Shining One.
   114 | D        | Found a sparkling altar of Nemelex Xobeh.
   114 | D        | Found a shimmering altar of Xom.
   114 | D        | Found an opulent altar of Gozag.
   114 | D        | Found an ancient bone altar of Kikubaaqudgha.
   114 | D        | Found a glowing silver altar of Zin.
   114 | D        | Noticed a yak
   115 | D        | Found an iron altar of Okawaru.
   116 | D        | Killed a yak
   116 | D        | Reached skill level 20 in Stealth
   126 | D        | Found a snail-covered altar of Cheibriados.
   126 | D        | Found a viscous altar of Jiyva.
   126 | D        | Found a shadowy altar of Dithmenos.
   126 | D        | Found a blossoming altar of Fedhas.
   126 | D        | Noticed a slime creature
   132 | D        | Killed a slime creature
   132 | D        | Reached skill level 21 in Stealth
   132 | D        | Reached XP level 7. HP: 22/32 MP: 6/12
   135 | D        | Became a worshipper of Dithmenos the Shadowed
   281 | D        | Found a bloodstained altar of Trog.
   292 | D        | Noticed Sonja
   296 | D        | Killed Sonja
   296 | D        | Reached skill level 24 in Stealth
   296 | D        | Reached XP level 8. HP: 36/36 MP: 13/13
   313 | D        | Found Buiruon's Assorted Antiques.
   317 | D        | Killed a gargoyle
   321 | D        | Bought an iron ring for 135 gold pieces
   321 | D        | Bought a scroll labeled XENNIU LAARCHE for 27 gold pieces
   321 | D        | Bought a scroll labeled VAYZALINNE for 27 gold pieces
   321 | D        | Bought a scroll labeled VAYZALINNE for 27 gold pieces
   321 | D        | Bought a scroll labeled MASTAH UQUUDOO for 27 gold pieces
   321 | D        | Bought a scroll labeled EPE VE KOAX for 27 gold pieces
   321 | D        | Bought a scroll labeled TOMMIE ZEUSK for 27 gold pieces
   321 | D        | Bought a scroll labeled ARAEHO KAXKOCK for 27 gold pieces
   353 | D        | Killed by an exploding giant spore

Vault maps used:
D:        dungeon_sprint_1

Action                   |  1- 3 |  4- 6 |  7- 9 || total
-------------------------+-------+-------+-------++-------
Melee: Dagger            |    16 |     5 |     1 ||    22
 Cast: Confuse           |       |     1 |       ||     1
       Ensorcelled Hiber |       |     1 |       ||     1
  Use: Potion            |     1 |       |       ||     1
       Scroll            |       |       |     6 ||     6
 Stab: Sleeping          |     1 |     3 |     1 ||     5
       Confused          |       |     2 |       ||     2
